 Dungeon Crawl Stone Soup version 0.28-a0-1396-gdcb3f3653b (webtiles) character file.

Game seed: 12827796432371489501

211 Lekart the Skirmisher (level 5, -5/46 HPs)
             Began as a Draconian Fighter on Jan 5, 2022.
             Slain by an orc warrior (10 damage)
             ... on level 3 of the Dungeon.
             The game lasted 00:03:33 (3872 turns).

Lekart the Skirmisher (Draconian Fighter)           Turns: 3872, Time: 00:03:34

Health: -5/46      AC:  5    Str: 18    XL:     5   Next: 57%
Magic:  5/5        EV: 12    Int:  9    God:
Gold:   226        SH:  4    Dex: 12    Spells: 4/4 levels left

rFire   . . .      SeeInvis .   a - +0 long sword
rCold   . . .      Faith    .   b - +0 buckler
rNeg    . . .      Spirit   .   (armour unavailable)
rPois   .          Reflect  .   (helmet restricted)
rElec   .          Harm     .   (no cloak)
rCorr   .          Rampage  .   (no gloves)
Will    .....                   (no boots)
Stlth   ++........              (no amulet)
HPRegen 0.15/turn               (no ring)
MPRegen 0.09/turn               (no ring)

@: mighty
A: AC +5, unfitting armour, cold-blooded
a: no special abilities


You were on level 3 of the Dungeon.
You visited 1 branch of the dungeon, and saw 4 of its levels.

You collected 226 gold pieces.

Inventory:

Hand Weapons
 a - a +0 long sword (weapon)
Armour
 b - a +0 buckler (worn)
Jewellery
 e - a ring of flight
 i - a +6 ring of dexterity
Wands
 l - a wand of iceblast (5)
Scrolls
 f - a scroll of identify {unknown}
 g - a scroll of immolation {unknown}
 k - a scroll of fear {unknown}
Potions
 c - a potion of might
 d - a potion of curing {unknown}
 h - a potion of flight {unknown}
 j - a potion of cancellation {unknown}


   Skills:
 + Level 4.1 Fighting
 + Level 4.0 Long Blades
 + Level 3.5 Dodging
 + Level 1.0 Stealth
 + Level 3.5 Shields


You had 4 spell levels left.
You didn't know any spells.
Your spell library was empty.

Dungeon Overview and Level Annotations

Branches:
Dungeon (4/15)
 Temple: D:4-7

Altars:
Kikubaaqudgha
Nemelex Xobeh
Qazlal
Vehumet

Shops:
D:1 (


Innate Abilities, Weirdness & Mutations

Your plain brown scales are hard. (AC +5)
You cannot fit into any form of body armour.
You are cold-blooded and may be slowed by cold attacks.


Message History

You slash the orc wizard!
You kill the orc wizard!
Your Long Blades skill increases to level 4!
Things that are here:
a +0 dagger; a +0 robe; an orc corpse You start resting.
HP restored.
You see here a +0 mace.
There is a stone staircase leading down here.
You climb downwards.
You block the orc warrior's attack.
The orc warrior hits you with a +0 long sword.
There is a stone staircase leading up here.
An orc warrior is nearby!
Okay, then.
You barely miss the orc warrior. The orc warrior closely misses you.
You hit the orc warrior.
The orc warrior is lightly wounded.
The orc warrior hits you with a +0 long sword!
The orc warrior hits you with a +0 long sword!
The goblin hits you but does no damage.
You climb upwards.
There is a stone staircase leading down here.
You block the orc warrior's attack.
There is an open door here.
The orc warrior hits you but does no damage.
There is an open door here.
You feel very mighty all of a sudden. The orc warrior barely misses you.
You closely miss the orc warrior.
The orc warrior is lightly wounded.
The orc warrior hits you but does no damage.
You barely miss the orc warrior.
The orc warrior is lightly wounded.
The orc warrior hits you with a +0 long sword! x2
* * * LOW HITPOINT WARNING * * *
You closely miss the orc warrior.
Your tail-slap misses the orc warrior.
The orc warrior is lightly wounded.
The goblin misses you.
The orc warrior hits you with a +0 long sword!
You die...

..#.......##.........#...##..#...
..#.......##.........#...##รท.#...
..#.......##.........#....[)>'##+
..#.......##................##..#
..#.......##................##..#
..#.......##............######..#
..#.......##.................+..+
.............................#g.#
.....###........@o...........#..#
.....#...........g...........#..#
..........##.................'##'
..#.......##.................#...
..#..........................#...
..#...##.....................###'
..#...##.............#########...
..#...##.........##### #...
###...##.........# #...


You could see an orc warrior and a goblin.

Vanquished Creatures
  An orc priest (D:3)
  A hound (D:4)
  An iguana (D:4)
  An orc wizard (D:3)
  3 adders
  3 worms
  4 orcs (D:3)
  2 bats
  9 endoplasms
  2 giant cockroaches (D:1)
  2 goblins
  4 hobgoblins
  8 kobolds
  5 quokkas
  9 ball pythons
  3 frilled lizards
  7 rats
65 creatures vanquished.

Vanquished Creatures (others)
  A fungus (D:3)
  2 plants (D:1)
  2 toadstools (D:3)
5 creatures vanquished.

Grand Total: 70 creatures vanquished

Notes
Turn   | Place    | Note
-------+----------+-------------------------------------------
     0 | D:1      | Lekart the Draconian Fighter began the quest for the Orb.
     0 | D:1      | Reached XP level 1. HP: 19/19 MP: 1/1
   473 | D:1      | Reached XP level 2. HP: 25/26 MP: 2/2
   513 | D:1      | Found Guthur's Weapon Shoppe.
  1405 | D:1      | Reached XP level 3. HP: 29/33 MP: 3/3
  2485 | D:3      | Found a radiant altar of Vehumet.
  2485 | D:3      | Found a stormy altar of Qazlal.
  2503 | D:3      | Reached XP level 4. HP: 25/40 MP: 4/4
  2710 | D:3      | Found an ancient bone altar of Kikubaaqudgha.
  2953 | D:3      | Found a faded altar of an unknown god.
  3083 | D:3      | Found a sparkling altar of Nemelex Xobeh.
  3375 | D:4      | Reached XP level 5. HP: 43/46 MP: 5/5
  3469 | D:4      | Noticed an orc warrior
  3495 | D:3      | Reached skill level 1 in Stealth
  3872 | D:3      | Slain by an orc warrior

Illustrated notes

Levels and vault maps discovered:
D:1:      sevenhm_arrival_forest_fort_small_3, layout_basic, serial_shops,
          nicolae_shop_behind_doors, serial_forest, infiniplex_forest_side_room,
          infiniplex_forest_corner_1, infiniplex_forest_straight_5,
          infiniplex_forest_lined_ring, infiniplex_forest_clump_small,
          infiniplex_forest_split, infiniplex_forest_side_room,
          infiniplex_forest_fountain
D:2:      layout_basic
D:3:      layout_basic, nicolae_overflow_hidden_temple,
          gammafunk_temple_overflow_elements, mainiacjoe_overflow_24_doors,
          hellmonk_ecumenical_altar_zigzags, minmay_gold_behind_fungi,
          kennysheep_nondescript
D:4:      layout_loops_ring, grunt_temple_overflow_order_and_chaos_2,
          serial_shops, shop_fountains, nicolae_stop_n_shop_1,
          grunt_ministairs_2

Skill      XL: |  1  2  3  4  5 |
---------------+----------------+-----
Long Blades    | 3 4 |  4.0
Dodging        | 3 |  3.5
Fighting       | 4 |  4.1
Stealth        | 1 |  1.0
Shields        | |  3.5

Action                   |  1- 3 |  4- 6 || total
-------------------------+-------+-------++-------
Melee: Long sword        |   139 |    67 ||   206
       Tailslap          |    17 |     4 ||    21
  Use: Potion            |       |     1 ||     1
 Stab: Sleeping          |     2 |       ||     2
Armor: Skin              |    40 |    26 ||    66
Dodge: Dodged            |    99 |    48 ||   147
Block: Buckler           |    28 |    13 ||    41

Table legend: (Time is in decaauts)
 A = Elapsed time spent in this place.
 B = Non-inter-level travel time spent in this place.
 C = Inter-level travel time spent in this place.
 D = Time resting spent in this place.
 E = Time spent auto-exploring this place.
 F = Levels seen in this place.
 G = Mean time per level.
                   A        B        C        D        E       F      G
               +--------+--------+--------+--------+--------+-----+--------+
         Total |   3933 |   3798 |    135 |    499 |   2738 |   4 |  983.2 |
       Dungeon |   3933 |   3798 |    135 |    499 |   2738 |   4 |  983.2 |
               +--------+--------+--------+--------+--------+-----+--------+

Top non-repeatable levels by time:
     D:1: 1502 daAuts
     D:3: 1475 daAuts
     D:2: 798 daAuts
     D:4: 157 daAuts
